 Dungeon Crawl Stone Soup version 0.31-a0-174-g85c54bcb58 (webtiles) character file.

Game seed: 11138293064377510927

471 qw the Shooter (level 7, -1/64 HPs)
             Began as a Naga Hunter on June 15, 2023.
             Slain by a kobold brigand
             ... wielding a +0 whip
              (8 damage)
             ... on level 3 of the Dungeon.
             The game lasted 00:01:23 (2587 turns).

qw the Shooter (Naga Hunter)                        Turns: 2587, Time: 00:01:23

Health: -1/64      AC:  5    Str: 13    XL:     7   Next: 9%
Magic:  7/7        EV: 10    Int:  9    God:
Gold:   183        SH:  0    Dex: 17    Spells: 6/6 levels left

rFire   . . .        Y - +1 shortbow
rCold   . . .        (shield currently unavailable)
rNeg    . . .        c - +0 leather armour
rPois   +            b - +0 helmet
rElec   .            (no cloak)
rCorr   .            h - +0 pair of gloves
SInv    +            (no barding)
Will    .....        d - amulet of regeneration
Stlth   ++           (no ring)
HPRegen 1.10/turn    (no ring)
MPRegen 0.10/turn

%: no passive effects
@: short of breath, very slow
A: AC +2, large, see invisible, deformed body, poison resistance, slowness 2,
spit poison 1, naga tail 1
a: Spit Poison


You were on level 3 of the Dungeon.
You visited 1 branch of the dungeon, and saw 3 of its levels.
You also visited: Sewer.

You collected 183 gold pieces.


Innate Abilities, Weirdness & Mutations

Your serpentine skin is tough. (AC +2)
You have supernaturally acute eyesight. (SInv)
Armour fits poorly on your strangely shaped body.
Your system is resistant to poisons. (rPois)
You cover ground very slowly.
You can spit poison.
You have a snake-like lower body.


   Skills:
 - Level 4.0 Fighting
 + Level 6.0 Ranged Weapons
 - Level 3.1 Dodging
 - Level 1.5 Stealth


You had 6 spell levels left.
You didn't know any spells.
Your spell library was empty.

Inventory:

Hand Weapons
 Y - a +1 shortbow (weapon)
Armour
 b - a +0 helmet (worn)
 c - a +0 leather armour (worn)
 h - a +0 pair of gloves (worn)
Jewellery
 d - an amulet of regeneration (around neck)
Scrolls
 f - a scroll of identify
Potions
 e - a potion of curing

Dungeon Overview and Level Annotations

Branches:
Dungeon (3/15)              Sewer (visited)

Altars:
Fedhas
Trog


Message History

The kobold hits you with a +0 club. x2
You shoot an arrow. The arrow hits the kobold brigand.
The kobold brigand is almost dead.
The kobold closely misses you. The kobold hits you with a +0 club. x2
The kobold misses you.
The kobold brigand hits you with a +0 whip.
The kobold hits you but does no damage. The gnoll hits you but does no damage.
The kobold misses you.
You shoot an arrow.
The arrow hits the kobold brigand but does no damage.
The kobold brigand is almost dead.
The kobold hits you but does no damage. The kobold barely misses you.
The kobold hits you but does no damage. The gnoll closely misses you.
The kobold brigand misses you. The kobold closely misses you.
The kobold hits you but does no damage. The kobold barely misses you.
You shoot an arrow.
The arrow barely misses the kobold brigand.
The kobold barely misses you.
The kobold hits you but does no damage. x2
The kobold brigand barely misses you.
The gnoll hits you from afar with a +0 spear.
The kobold barely misses you. The kobold hits you with a +0 club.
The kobold hits you but does no damage.
You shoot an arrow.
The arrow closely misses the kobold brigand.
You have got your breath back.
The kobold hits you but does no damage. The kobold hits you with a +0 club.
The kobold barely misses you. The gnoll closely misses you.
The kobold brigand hits you but does no damage.
The kobold barely misses you. x2; The kobold closely misses you.
The kobold hits you but does no damage. x2; The kobold closely misses you.
The gnoll hits you from afar with a +0 spear.
The kobold hits you with a +0 club.
The kobold hits you but does no damage. x2
The kobold brigand closely misses you.
2587 ||| INVOKING Spit Poison.
Aiming: Spit Poison (1% risk of failure)
Press: ? - help, Shift-Dir - straight line, f/p - kobold brigand The splash of poison misses the kobold brigand.
The kobold hits you but does no damage. x2; The kobold barely misses you.
The kobold brigand hits you with a +0 whip!
You die...

######## ########### #......##
##.....#....
#.......###......'....
'##........#.....).#####
.(.........#......)(..)(
......KKK..'.....).)))).
....(gK@...#..........))
'##...KKK..#.......#####
#.......###......'..[. ~~~~~~~#
#......## ##.....#.... ~~~~~~~#
######################
~~~~~~~#####~~~~~~~~~~~~~~~~~~~~~
~~~~~~~~~~~~~~~~~~~~~~~~~~~~~~~~~
~~~~~~~~~~~~~~~~~~~~~~~~~~~~~~~~~
~~..~~~.~...~~~..~~~.~~~.~~..~~.~


You could see a kobold brigand, a gnoll and 6 kobolds.

Vanquished Creatures
  Sigmund (D:3)
  Jessica (D:3)
  Ijyb (D:3)
  10 adders
  A gnoll (D:3)
  4 river rats
  3 worms
  2 dart slugs
  4 orcs (D:3)
  8 bats
  8 endoplasms
  6 giant cockroaches
  5 goblins
  7 hobgoblins
  9 jackals
  3 quokkas
  5 ball pythons
  6 frilled lizards
  31 kobolds
  12 rats
127 creatures vanquished.

Notes
Turn   | Place    | Note
-------+----------+-------------------------------------------
     0 | D:1      | qw the Naga Hunter began the quest for the Orb.
     0 | D:1      | Reached XP level 1. HP: 19/19 MP: 1/1
     0 | D:1      | 0 ||| qw: Version: 0.2-a-29-g511e9b1
     0 | D:1      | 0 ||| qw: Game counter: 5297
     0 | D:1      | 0 ||| qw: Always use a shield: true
     0 | D:1      | 0 ||| qw: God list: Okawaru
     0 | D:1      | 0 ||| qw: Allow faded altars: false
     0 | D:1      | 0 ||| qw: Do Orc after D:15 true
     0 | D:1      | 0 ||| qw: Do second Lair branch before Depths: true
     0 | D:1      | 0 ||| qw: Lair rune preference: random
     0 | D:1      | 0 ||| qw: Plans: Normal
     0 | D:1      | 0 ||| PLANNING D:1-11
    15 | D:1      | 15 ||| INVOKING Spit Poison.
    18 | D:1      | 18 ||| INVOKING Spit Poison.
    64 | D:1      | 64 ||| INVOKING Spit Poison.
    68 | D:1      | 68 ||| INVOKING Spit Poison.
    81 | D:1      | 81 ||| INVOKING Spit Poison.
    83 | D:1      | Reached skill level 4 in Ranged Weapons
    83 | D:1      | Reached XP level 2. HP: 26/26 MP: 2/2
    86 | D:1      | 86 ||| INVOKING Spit Poison.
   177 | D:1      | 177 ||| INVOKING Spit Poison.
   180 | D:1      | 180 ||| INVOKING Spit Poison.
   222 | D:1      | 222 ||| INVOKING Spit Poison.
   237 | D:1      | 237 ||| INVOKING Spit Poison.
   243 | D:1      | 243 ||| INVOKING Spit Poison.
   244 | D:1      | 244 ||| INVOKING Spit Poison.
   248 | D:1      | 248 ||| INVOKING Spit Poison.
   251 | D:1      | 251 ||| INVOKING Spit Poison.
   269 | D:1      | 269 ||| INVOKING Spit Poison.
   287 | D:1      | 287 ||| INVOKING Spit Poison.
   289 | D:1      | Reached XP level 3. HP: 32/32 MP: 3/3
   346 | D:1      | 346 ||| INVOKING Spit Poison.
   356 | D:1      | 356 ||| INVOKING Spit Poison.
   360 | D:1      | 360 ||| INVOKING Spit Poison.
   442 | D:1      | 442 ||| INVOKING Spit Poison.
   445 | D:1      | 445 ||| FLEEEEING.
   450 | D:1      | 450 ||| INVOKING Spit Poison.
   485 | D:1      | 485 ||| INVOKING Spit Poison.
   491 | D:1      | 491 ||| INVOKING Spit Poison.
   497 | D:1      | 497 ||| INVOKING Spit Poison.
   503 | D:1      | 503 ||| INVOKING Spit Poison.
   550 | D:1      | 550 ||| UPGRADING to +0 pair of gloves.
   555 | D:1      | 555 ||| UPGRADING to amulet of regeneration.
   560 | D:1      | 560 ||| READING scroll labelled IRGHA JYUNOSTREC.
   561 | D:1      | 561 ||| READING scroll labelled RAEPIU INWOE.
   562 | D:1      | 562 ||| READING scroll labelled JOCUTE FUJIBED.
   563 | D:1      | 563 ||| DROPPING scroll of butterflies.
   590 | D:2      | 590 ||| INVOKING Spit Poison.
   593 | D:2      | 593 ||| INVOKING Spit Poison.
   594 | D:2      | 594 ||| INVOKING Spit Poison.
   652 | D:2      | 652 ||| INVOKING Spit Poison.
   709 | D:2      | 709 ||| INVOKING Spit Poison.
   713 | D:2      | 713 ||| INVOKING Spit Poison.
   850 | D:2      | Reached skill level 5 in Ranged Weapons
   850 | D:2      | Reached XP level 4. HP: 39/39 MP: 4/4
   929 | D:2      | 929 ||| INVOKING Spit Poison.
   934 | D:2      | 934 ||| INVOKING Spit Poison.
  1009 | D:2      | Found a faded altar of an unknown god.
  1208 | D:2      | 1208 ||| READING scroll labelled VOHE VOEXKETH.
  1209 | D:2      | 1209 ||| READING 3 scrolls labelled SUIGITAPSI.
  1210 | D:2      | 1210 ||| READING scroll labelled NYCKUI BAZXIEH.
  1214 | D:2      | 1214 ||| DROPPING 2 scrolls of vulnerability.
  1238 | D:3      | 1238 ||| PLANNING SEWER
  1278 | D:3      | 1278 ||| INVOKING Spit Poison.
  1333 | D:3      | Found a bloodstained altar of Trog.
  1340 | D:3      | 1340 ||| INVOKING Spit Poison.
  1351 | D:3      | 1351 ||| INVOKING Spit Poison.
  1355 | D:3      | 1355 ||| INVOKING Spit Poison.
  1377 | D:3      | 1377 ||| INVOKING Spit Poison.
  1398 | D:3      | 1398 ||| INVOKING Spit Poison.
  1406 | D:3      | 1406 ||| INVOKING Spit Poison.
  1411 | D:3      | 1411 ||| INVOKING Spit Poison.
  1430 | D:3      | 1430 ||| INVOKING Spit Poison.
  1434 | D:3      | 1434 ||| INVOKING Spit Poison.
  1435 | D:3      | Reached skill level 3 in Fighting
  1439 | D:3      | 1439 ||| INVOKING Spit Poison.
  1452 | D:3      | 1452 ||| INVOKING Spit Poison.
  1455 | D:3      | 1455 ||| INVOKING Spit Poison.
  1459 | D:3      | Reached XP level 5. HP: 47/49 MP: 5/5
  1465 | D:3      | 1465 ||| INVOKING Spit Poison.
  1470 | D:3      | 1470 ||| INVOKING Spit Poison.
  1473 | D:3      | 1473 ||| INVOKING Spit Poison.
  1476 | D:3      | 1476 ||| INVOKING Spit Poison.
  1481 | D:3      | Found a glowing drain.
  1487 | Sewer    | Entered a sewer
  1497 | Sewer    | 1497 ||| INVOKING Spit Poison.
  1502 | Sewer    | 1502 ||| INVOKING Spit Poison.
  1510 | Sewer    | 1510 ||| INVOKING Spit Poison.
  1514 | Sewer    | 1514 ||| INVOKING Spit Poison.
  1525 | Sewer    | 1525 ||| INVOKING Spit Poison.
  1528 | Sewer    | 1528 ||| INVOKING Spit Poison.
  1571 | Sewer    | 1571 ||| INVOKING Spit Poison.
  1576 | Sewer    | 1576 ||| INVOKING Spit Poison.
  1579 | Sewer    | 1579 ||| INVOKING Spit Poison.
  1582 | Sewer    | 1582 ||| INVOKING Spit Poison.
  1656 | Sewer    | 1656 ||| INVOKING Spit Poison.
  1659 | Sewer    | 1659 ||| INVOKING Spit Poison.
  1664 | Sewer    | 1664 ||| INVOKING Spit Poison.
  1667 | Sewer    | 1667 ||| INVOKING Spit Poison.
  1673 | Sewer    | 1673 ||| INVOKING Spit Poison.
  1701 | Sewer    | 1701 ||| INVOKING Spit Poison.
  1707 | Sewer    | 1707 ||| INVOKING Spit Poison.
  1713 | Sewer    | Reached skill level 6 in Ranged Weapons
  1760 | Sewer    | 1760 ||| INVOKING Spit Poison.
  1773 | Sewer    | 1773 ||| INVOKING Spit Poison.
  1812 | Sewer    | 1812 ||| INVOKING Spit Poison.
  1816 | Sewer    | 1816 ||| INVOKING Spit Poison.
  1820 | Sewer    | Reached XP level 6. HP: 53/56 MP: 6/6
  1820 | Sewer    | 1820 ||| INVOKING Spit Poison.
  2007 | Sewer    | 2007 ||| UPGRADING to +0 helmet.
  2012 | Sewer    | 2012 ||| READING scroll labelled LUNKONGITS.
  2113 | Sewer    | 2113 ||| READING scroll labelled VUEZOUWYCS.
  2114 | Sewer    | 2114 ||| READING scroll labelled UXUZXE OKERR.
  2115 | Sewer    | 2115 ||| READING 3 scrolls of identify.
  2115 | Sewer    | 2115 ||| IDENTIFYING sedimented amethyst potion
  2116 | Sewer    | 2116 ||| READING 2 scrolls of identify.
  2116 | Sewer    | 2116 ||| IDENTIFYING sedimented purple potion
  2117 | Sewer    | 2117 ||| DROPPING potion of berserk rage.
  2140 | D:3      | 2140 ||| PLANNING D:1-11
  2292 | D:3      | Noticed Jessica
  2294 | D:3      | 2294 ||| INVOKING Spit Poison.
  2296 | D:3      | Killed Jessica
  2347 | D:3      | Noticed Ijyb
  2348 | D:3      | 2348 ||| INVOKING Spit Poison.
  2355 | D:3      | 2355 ||| INVOKING Spit Poison.
  2359 | D:3      | 2359 ||| INVOKING Spit Poison.
  2360 | D:3      | Killed Ijyb
  2434 | D:3      | Found a blossoming altar of Fedhas.
  2459 | D:3      | 2459 ||| INVOKING Spit Poison.
  2464 | D:3      | 2464 ||| INVOKING Spit Poison.
  2471 | D:3      | 2471 ||| INVOKING Spit Poison.
  2486 | D:3      | 2486 ||| INVOKING Spit Poison.
  2487 | D:3      | Noticed Sigmund
  2490 | D:3      | 2490 ||| INVOKING Spit Poison.
  2496 | D:3      | 2496 ||| INVOKING Spit Poison.
  2502 | D:3      | 2502 ||| INVOKING Spit Poison.
  2505 | D:3      | 2505 ||| INVOKING Spit Poison.
  2508 | D:3      | 2508 ||| INVOKING Spit Poison.
  2511 | D:3      | Killed Sigmund
  2512 | D:3      | Reached skill level 3 in Dodging
  2512 | D:3      | Reached XP level 7. HP: 28/64 MP: 7/7
  2514 | D:3      | 2514 ||| INVOKING Spit Poison.
  2521 | D:3      | 2521 ||| INVOKING Spit Poison.
  2525 | D:3      | 2525 ||| INVOKING Spit Poison.
  2535 | D:3      | 2535 ||| INVOKING Spit Poison.
  2570 | D:3      | 2570 ||| INVOKING Spit Poison.
  2574 | D:3      | 2574 ||| INVOKING Spit Poison.
  2580 | D:3      | 2580 ||| INVOKING Spit Poison.
  2585 | D:3      | HP: 13/64 [gnoll/+0 spear (6)]
  2586 | D:3      | HP: 6/64 [kobold/+0 club (1)]
  2587 | D:3      | 2587 ||| INVOKING Spit Poison.
  2587 | D:3      | Slain by a kobold brigand

Levels and vault maps discovered:
D:1:      roderic_dead_forest, layout_rooms
D:2:      layout_basic, basic_ecumenical_altar
D:3:      minmay_goblin_kobold_castle, layout_loops_ring,
          trog_three_pillars_becter, mainiacjoe_overflow_alcove_1,
          lightli_sewer_entry_pipes, hangedman_feature_mirror, uniq_ijyb,
          uniq_jessica, uniq_sigmund

Skill      XL: |  1  2  3  4  5  6 |
---------------+-------------------+-----
Ranged Weapons | 4 5 6 |  6.0
Fighting       | 3 4 |  4.0
Dodging        | 3 |  3.1
Stealth        | |  1.5

Action                     |  1- 3 |  4- 6 |  7- 9 || total
---------------------------+-------+-------+-------++-------
   Fire: Shortbow          |    82 |   165 |    32 ||   279
Ability: Spit Poison       |    29 |    54 |     8 ||    91
    Use: Scroll            |     3 |     8 |       ||    11
 Armour: Leather armour    |     7 |    52 |    29 ||    88
  Dodge: Dodged            |    11 |    78 |    45 ||   134

Table legend:
 A = Non-vault XP
 B = Vault XP
 C = Vault XP percentage of total XP
 D = Non-vault monster count
 E = Vault monster count
 F = Vault count percentage of total count
                 A         B        C        D         E       F
            +---------+---------+-------+---------+---------+-------
      Total |     123 |     550 |  81.7 |      67 |      60 |  47.2
            +---------+---------+-------+---------+---------+-------
        D:1 |      63 |       0 |   0.0 |      38 |       0 |   0.0
        D:2 |      29 |       0 |   0.0 |      14 |       0 |   0.0
        D:3 |      31 |     422 |  93.2 |      15 |      37 |  71.2
      Sewer |       0 |     128 | 100.0 |       0 |      23 | 100.0
            +---------+---------+-------+---------+---------+-------
